 Dungeon Crawl Stone Soup version 0.20-a0-920-gb18bc0f (webtiles) character file.

36 Gorglomux the Charlatan (level 3, -1/16 HPs)
             Began as a Felid Artificer on Mar 25, 2017.
             Was an Initiate of Makhleb.
             Killed from afar by Ijyb (9 damage)
             ... with a wand of flame (?/48)
             ... on level 3 of the Dungeon.
             The game lasted 00:10:31 (3417 turns).

Gorglomux the Charlatan (Felid Artificer)           Turns: 3417, Time: 00:10:32

Health: -1/16      AC:  1    Str:  8    XL:     3   Next: 19%
Magic:  6/6        EV: 19    Int: 12    God:    Makhleb [......]
Gold:   109        SH:  0    Dex: 17    Spells: 2/2 levels left
                                        Lives:  0   Deaths: 1

rFire    . . .     SeeInvis +     - Unarmed
rCold    . . .     Gourm    .   (shield unavailable)
rNeg     . . .     Faith    .   (armour unavailable)
rPois    .         Spirit   .   (helmet unavailable)
rElec    .         Reflect  .   (cloak unavailable)
rCorr    .         Harm     .   (gloves unavailable)
MR       .....                  (boots unavailable)
Stlth    +++.......             (no amulet)
Regen    0.1/turn               (no ring)
MPRegen  0.1/turn               (no ring)

@: quick
A: no armour, no weapons or thrown items, stealth, claws 1, fangs 3, see
invisible, carnivore 3, speed 1, shaggy fur 1, slow metabolism 1, sharp paws
a: Renounce Religion


You were on level 3 of the Dungeon.
You worshipped Makhleb.
Makhleb was noncommittal.
You were not hungry.

You visited 1 branch of the dungeon, and saw 3 of its levels.

You collected 109 gold pieces.

Inventory:

Wands
 a - a wand of flame (11/48)
 b - a wand of enslavement (15/24)
 c - a wand of random effects (8/48)
Scrolls
 e - 4 scrolls of teleportation {unknown}
 f - 3 scrolls of magic mapping {unknown}
 k - a scroll of blinking {unknown}
 m - 2 scrolls of identify {unknown}
 n - a scroll of amnesia {unknown}
 o - a scroll of immolation {unknown}
Potions
 g - a potion of resistance {unknown}
 h - a potion of flight {unknown}
 i - a potion of might {unknown}
 j - a potion of invisibility {unknown}
 l - a potion of haste {unknown}
Comestibles
 d - a meat ration {@e2@e2}


   Skills:
 + Level 2.0 Fighting
 + Level 3.6 Dodging
 + Level 2.3 Stealth
 + Level 1.8 Unarmed Combat
 + Level 3.9 Evocations


You had 2 spell levels left.
You didn't know any spells.

Dungeon Overview and Level Annotations

Branches:
Dungeon (3/15)

Altars:
Fedhas
Makhleb
Sif Muna
Uskayaw
Wu Jian
Yredelemnul

Annotations:
D:3 Ijyb


Innate Abilities, Weirdness & Mutations

You cannot wear armour.
You are incapable of wielding weapons or throwing items.
Your paws allow you to move quietly. (Stealth)
You have sharp claws.
You have razor-sharp teeth.
You have supernaturally acute eyesight. (SInv)
You are carnivorous and can eat meat at any time.
You cover ground quickly.
You are covered in fur. (AC +1)
You have a slow metabolism.
Your sharp claws are effective at attacking unaware monsters.


Message History

You butcher the goblin corpse.
p - a chunk of flesh {@w0@w0} You see here a club.
e - 3 scrolls labeled MOUTEMU JAUDO (gained 1)
There is a burning altar of Makhleb here.
Things that are here:
a whip; a robe You sit before the altar of Makhleb.
Makhleb welcomes you!
Autoeating chunks.
Eating a chunk of flesh {@w0@w0}.
You eat the chunk of flesh {@w0@w0}.
This raw flesh tastes great.
You may need something to eat soon, looking for food.
Can't find anything matching that.
Okay, then.
Found a basalt altar of Yredelemnul.
You found a teleport trap!
You open the door.
There is an open door here.
There is an open door here.
Ijyb the Twisted Goblin comes into view.
She is wielding a vampiric dagger.
Ijyb is nearby!
Unknown command.
There is an open door here.
e - 4 scrolls labeled MOUTEMU JAUDO (gained 1)
A giant cockroach comes into view.
A giant cockroach is nearby!
A giant cockroach is nearby!
A rat comes into view.
Really walk into a travel-excluded area? [Y]es or [N]o only, please.
Really walk into a travel-excluded area?
You pounce on the unaware helpless giant cockroach!
You scratch the giant cockroach.
You kill the giant cockroach!
Makhleb accepts your kill.
Really walk into a travel-excluded area?
You pounce on the unaware helpless Ijyb!
You scratch Ijyb. The rat misses you. Ijyb misses you.
Ijyb screams, "I no like you!" The rat completely misses you.
You barely miss the rat. The rat completely misses you.
You scratch the rat.
You kill the rat!
Makhleb accepts your kill.
You miss Ijyb. You bite Ijyb, but do no damage.
Ijyb hits you with a vampiric dagger.
You take 4 damage, and have 12/16 hp.
MASSIVE DAMAGE!!
Ijyb screams, "You nasty!
Big nasty!"
Aim: Ijyb, wielding a vampiric dagger and wearing a leather armour (moderately wounded) Ijyb seems to slow down.
This wand has 11 charges left.
Ijyb zaps a wand.
The puff of flame misses you.
It is a wand of flame (?/48).
Ijyb grins evilly.
Ijyb zaps a wand.
The puff of flame hits you!
Ouch! That really hurt!
* * * LOW HITPOINT WARNING * * *
You take 8 damage, and have 4/16 hp.
MASSIVE DAMAGE!!
Aim: Ijyb, wielding a vampiric dagger, wearing a leather armour and carrying a wand of flame (?/48) {zapped: 2} (moderately wounded, slow, chance to defeat MR: 66%)
Okay, then.
Aim: Ijyb, wielding a vampiric dagger, wearing a leather armour and carrying a wand of flame (?/48) {zapped: 2} (moderately wounded, slow)
The puff of flame misses Ijyb.
This wand has 14 charges left.
Aim: Ijyb, wielding a vampiric dagger, wearing a leather armour and carrying a wand of flame (?/48) {zapped: 2} (moderately wounded, slow)
The puff of flame hits Ijyb.
This wand has 13 charges left.
Aim: Ijyb, wielding a vampiric dagger, wearing a leather armour and carrying a wand of flame (?/48) {zapped: 2} (moderately wounded, slow)
The puff of flame hits Ijyb.
This wand has 12 charges left.
Ijyb zaps a wand.
The puff of flame misses you.
Aim: Ijyb, wielding a vampiric dagger, wearing a leather armour and carrying a wand of flame (?/48) {zapped: 3} (heavily wounded, slow)
The puff of flame misses Ijyb.
This wand has 11 charges left.
Aim: Ijyb, wielding a vampiric dagger, wearing a leather armour and carrying a wand of flame (?/48) {zapped: 3} (heavily wounded, slow) Ijyb struggles to resist.
This wand has 10 charges left.
Ijyb zaps a wand.
The puff of flame misses you.
Aim: Ijyb, wielding a vampiric dagger, wearing a leather armour and carrying a wand of flame (?/48) {zapped: 4} (heavily wounded, slow) Ijyb looks slightly unstable.
This wand has 9 charges left.
There is an open door here.
You close the door.
You start resting.
Ijyb the Twisted Goblin opens the door.
She is wielding a vampiric dagger.
You regained 2 hp, and now have 7/16 hp.
Aim: Ijyb, wielding a vampiric dagger, wearing a leather armour and carrying a wand of flame (?/48) {zapped: 4} (moderately wounded)
The mass of ice explodes!
The iceblast engulfs Ijyb.
This wand has 8 charges left.
You hear a shout!
Unknown command.
You closely miss Ijyb. Ijyb barely misses you.
You scratch Ijyb but do no damage. You bite Ijyb. Ijyb closely misses you.
You scratch Ijyb but do no damage.
Ijyb zaps a wand.
The puff of flame misses you.
You scratch Ijyb but do no damage. Your bite misses Ijyb.
You scratch Ijyb but do no damage.
Ijyb zaps a wand.
The puff of flame hits you!
Ouch! That really hurt!
You die...

#.. ..$....# #.._..## #.# #.#
######......#
#..##....#..##..#### #.
#..........###..##..
#.##..##......###..##.#
#.##.........#.....##.#
#.##...+....##.....##.#
.###.####.#....##......#.#
........#.###@###......#.#
#.###.##.#..##g###......#.#
#!..........g.............#
#.###.##............####..####.
#...........................[..
#.###.##..........######..#####
#.##.###..##### #..#....
#........# ##.# ##.#.###
....###.#### #.# #...#


You could see Ijyb.

Vanquished Creatures
  2 adders (D:2)
  2 worms (D:2)
  3 dart slugs
  5 bats
  4 giant cockroaches
  11 goblins
  5 hobgoblins
  4 kobolds
  2 frilled lizards
  5 rats
43 creatures vanquished.

Notes
Turn   | Place    | Note
-------+----------+-------------------------------------------
     0 | D:1      | Gorglomux the Felid Artificer began the quest for the Orb.
     0 | D:1      | Reached XP level 1. HP: 9/9 MP: 4/4
   412 | D:1      | Reached skill level 3 in Dodging
   452 | D:1      | Reached XP level 2. HP: 10/12 MP: 5/5
   520 | D:1      | Gorglomux: !whichgod fe
   520 | D:1      | beem: fe is ambiguous: may be species or class. Use fe-- (Felid) or --fe (Fire Elementalist) to disambiguate
   520 | D:1      | Gorglomux: !whichgod fe--
   520 | D:1      | beem: 209 recent wins: 27x Cheibriados, 22x Sif Muna, 22x Ru, 22x Dithmenos, 20x Vehumet, 14x Ashenzari, 13x Trog, 8x Jiyva, 8x Xom, 7x Yredelemnul, 6x Lugonu, 5x Makhleb, 5x Nemelex Xobeh, 4x Qazlal, 4x Fedhas, 3x Wu Jian, 3x Hepliaklqana, 3x Okawaru, 3x Gozag, 2x The Shining One, 2x Elyvilon, 2x Kikubaaqudgha, 2x Uskayaw, Zin, Wudzu
   520 | D:1      | Gorglomux: ??felid
   520 | D:1      | beem: felid[1/9]: A cat race that can't use armour, weapons, rods, or throw anything. They gain {extra lives} as they level up. They have claws (lvl 1: +2 dam), fangs, and fur. They cover ground quickly, see invisible, are carnivorous and have slow metabolism. Their claws also act like short blades for stabbing purposes.
   520 | D:1      | Gorglomux: ??felid[2
   520 | D:1      | beem: felid[2/9]: NyaaKitty is no longer allowed to play any race but this. Soon to be imposed (with a Dis-imported paw) on all Team Cat members. The punishment is to play a non-Felid.
   520 | D:1      | Gorglomux: ??felid[3
   520 | D:1      | beem: felid[3/9]: < elliptic> FR: walk on keyboard ability
   520 | D:1      | Gorglomux: ??felid[4
   520 | D:1      | beem: felid[4/9]: http://buttersafe.com/2011/05/19/even-more-robot-cat/
   520 | D:1      | Gorglomux: ??felid[5
   520 | D:1      | beem: felid[5/9]: bee: wait bee: are felids just cats
   520 | D:1      | Gorglomux: ??felid[6
   520 | D:1      | beem: felid[6/9]: !lm demonblade fewn br.enter=lair 2 -tv:>3:x2
   520 | D:1      | Gorglomux: ??felid[7
   520 | D:1      | beem: felid[7/9]: <\Echo> this game wants my felid dead <+Zannick> all games want your felid dead
   520 | D:1      | Gorglomux: ??felid[8
   520 | D:1      | beem: felid[8/9]: "Anchovies! Purrfect..."
   520 | D:1      | Gorglomux: ??felid[9
   520 | D:1      | beem: felid[9/9]: The species for players who like crawl but hate loot.
   520 | D:1      | Gorglomux: ??felid reasons
   520 | D:1      | beem: felid reasons[1/1]: Extra life! You're a member of team cat. You have trouble deciding on a weapon type. You like it when most items are irrelevant to you.
   526 | D:1      | HP: 3/12 [hobgoblin/club (5)]
   591 | D:1      | Gorglomux: !lg * felid won
   598 | D:1      | beem: 1038. Mekire the Intangible (L27 FeBe of The Shining One), escaped with the Orb and 15 runes on 2017-03-25 15:13:48, with 10781099 points after 153092 turns and 11:48:35.
  1689 | D:2      | Gorglomux: !log * fear won
  1689 | D:2      | beem: 29. SaltCity, XL22 FeAr, T:109148: https://crawl.project357.org/morgue/SaltCity/morgue-SaltCity-20170323-121435.txt
  1689 | D:2      | Reached XP level 3. HP: 15/15 MP: 6/6
  1820 | D:2      | Found a hide-covered altar of Uskayaw.
  1820 | D:2      | Found a blossoming altar of Fedhas.
  1821 | D:2      | Found a deep blue altar of Sif Muna.
  1821 | D:2      | Found an ornate altar of the Wu Jian Council.
  2062 | D:2      | Reached skill level 2 in Stealth
  2386 | D:2      | HP: 3/16 [worm (9)]
  2753 | D:2      | Reached skill level 2 in Fighting
  2753 | D:2      | Reached XP level 4. HP: 6/19 MP: 7/7
  2753 | D:2      | Killed themself with a badly aimed fireball
  2754 | D:2      | Reached XP level 3. HP: -14/16 MP: 6/6
  3202 | D:3      | Found a burning altar of Makhleb.
  3219 | D:3      | Became a worshipper of Makhleb the Destroyer
  3247 | D:3      | Found a basalt altar of Yredelemnul.
  3292 | D:3      | Noticed Ijyb
  3352 | D:3      | HP: 4/16 [Ijyb/wand of flame (?/48) (8)]
  3417 | D:3      | Killed from afar by Ijyb

Vault maps used:
D:1:      saegor_arrival_simple_a
D:2:      minmay_diamond_boxcup, chequers_temple_overflow_statue_of_worship
D:3:      minmay_door_path, nicolae_overflow_hidden_temple, marbit_many_paths,
          bloody_makhleb, kennysheep_nub, minmay_randomly_rotated_circles,
          uniq_grinder, uniq_robin, uniq_iyjb, uniq_jessica

Skill      XL: |  1  2  3 |
---------------+----------+-----
Dodging        | 3 |  3.6
Stealth        | 2 |  2.3
Fighting       | 2 |  2.0
Unarmed Combat | |  1.8
Evocations     | |  3.9

Action                   |  1- 3 |  4- 6 || total
-------------------------+-------+-------++-------
Melee: Unarmed           |   130 |       ||   130
       Bite              |    10 |       ||    10
       Punch             |     2 |       ||     2
Evoke: Wand              |    10 |     1 ||    11
 Stab: Sleeping          |    10 |       ||    10
       Distracted        |     1 |       ||     1
       Paralysed         |     2 |       ||     2
  Eat: Chunk             |    11 |       ||    11
Armor: Skin              |     7 |       ||     7
Dodge: Dodged            |    85 |       ||    85

Vault maps used:
D:1:      saegor_arrival_simple_a
D:2:      minmay_diamond_boxcup, chequers_temple_overflow_statue_of_worship
D:3:      minmay_door_path, nicolae_overflow_hidden_temple, marbit_many_paths,
          bloody_makhleb, kennysheep_nub, minmay_randomly_rotated_circles,
          uniq_grinder, uniq_robin, uniq_iyjb, uniq_jessica

Table legend:
 A = Turns spent in this place as a percentage of turns spent in the entire game.
 B = Non-inter-level travel turns spent in this place as a percentage of non-inter-level travel turns spent in the entire game.
 C = Inter-level travel turns spent in this place as a percentage of turns spent in this place.
 D = Turns resting spent in this place as a percentage of non-inter-level travel turns spent in this place.
 E = Turns spent auto-exploring this place as a percentage of non-inter-level travel turns spent in this place.
 F = Non-inter-level travel turns spent in this place divided by the number of levels of this place that you've seen.
                   A       B       C       D       E      F
               +-------+-------+-------+-------+-------+----------------------
         Total | 100.0 | 100.0 |   0.2 |   2.6 |   6.1 | 365.7
       Dungeon | 100.0 | 100.0 |   0.2 |   2.6 |   6.1 | 365.7
               +-------+-------+-------+-------+-------+----------------------

Table legend:
 A = Kills in this place as a percentage of kills in entire the game.
 B = Kills by you in this place as a percentage of kills by you in the entire game.
 C = Kills by friends in this place as a percentage of kills by friends in the entire game.
 D = Other kills in this place as a percentage of other kills in the entire game.
 E = Experience gained in this place as a percentage of experience gained in the entire game.
 F = Experience gained in this place divided by the number of levels of this place that you have seen.
                   A       B       C       D       E      F
               +-------+-------+-------+-------+-------+----------------------
         Total | 100.0 | 100.0 |  -nan |  -nan | 100.0 |  36.7
       Dungeon | 100.0 | 100.0 |  -nan |  -nan | 100.0 |  36.7
               +-------+-------+-------+-------+-------+----------------------
